 Dungeon Crawl Stone Soup version 0.18.1-48-g4cf74bf (webtiles) character file.

99 Ratgod the Poker (level 4, -3/35 HPs)
             Began as a Demonspawn Gladiator on June 29, 2016.
             Was an Initiate of Gozag.
             Slain by a worm (7 damage)
             ... on level 3 of the Dungeon.
             The game lasted 00:08:35 (3355 turns).

Ratgod the Poker (Demonspawn Gladiator)             Turns: 3355, Time: 00:08:36

Health: -3/35      AC:  3    Str: 17    XL:     4   Next: 45%
Magic:  4/4        EV: 13    Int:  9    God:    Gozag
Gold:   125        SH:  2    Dex: 13    Spells: 0 memorised, 3 levels left

rFire  . . .     SeeInvis .     t - +0 dagger
rCold  . . .     Gourm    .     (no armour)
rNeg   . . .     Faith    .     (no shield)
rPois  .         Spirit   .     c - +0 helmet
rElec  .         Dismiss  .     (no cloak)
rCorr  .         Reflect  .     (no gloves)
SustAt .         Harm     .     (no boots)
MR     .....                    (no amulet)
Stlth  +++.......               (no ring)
                                (no ring)

@: not resistant to hostile enchantments, fairly stealthy
A: large bone plates 1, nightstalker 1
a: Potion Petition, Call Merchant, Bribe Branch, Renounce Religion


You were on level 3 of the Dungeon.
You worshipped Gozag.
Gozag was noncommittal.
You were not hungry.

You visited 1 branch of the dungeon, and saw 3 of its levels.

You collected 125 gold pieces.

Inventory:

Hand Weapons
 a - a +0 trident
 t - a +0 dagger (weapon)
Missiles
 i - 2 throwing nets (quivered)
Armour
 b - a +0 leather armour
 c - a +0 helmet (worn)
Scrolls
 d - 4 scrolls of identify {unknown}
 e - a scroll of random uselessness {unknown}
 j - a scroll of enchant armour {unknown}
 k - 2 scrolls of teleportation {unknown}
 m - a scroll of recharging {unknown}
 n - 2 scrolls of enchant weapon {unknown}
 r - a scroll of remove curse {unknown}
 v - a scroll of magic mapping {unknown}
 w - a scroll of fear {unknown}
Potions
 h - 2 potions of flight {unknown}
 l - a potion of might {unknown}
 o - a potion of lignification {unknown}
 p - a potion of heal wounds {unknown}
 q - a potion of curing {unknown}
 u - a potion of brilliance {unknown}
Comestibles
 f - a bread ration
 g - 3 meat rations
 s - a slice of pizza


   Skills:
 - Level 3.1 Fighting
 - Level 3.9 Polearms
 - Level 1.7 Throwing
 - Level 2.6 Dodging
 * Level 1.5 Stealth


You had 3 spell levels left.
You didn't know any spells.

Dungeon Overview and Level Annotations

Branches:
Dungeon (3/15)

Altars:
Cheibriados
Gozag


Innate Abilities, Weirdness & Mutations

You are partially covered in large bone plates (AC +2, SH +2).
You are slightly more attuned to the shadows.


Message History

The worm is severely wounded.
You hit the worm but do no damage.
The worm is severely wounded.
The worm bites you but does no damage.
You hit the worm.
The worm is almost dead.
You hit the worm but do no damage.
The worm is almost dead.
The worm misses you.
You hit the worm but do no damage.
The worm is severely wounded.
The worm bites you!
* * * LOW HITPOINT WARNING * * *
You hit the worm but do no damage.
The worm is severely wounded.
You hit the worm.
The worm is almost dead.
The worm bites you!
You die...
Your body crumbles into a pile of gold.

#..≈≈≈≈≈########## #...≈≈≈##.# #
##....###.# # ## #....'...# # .#
#....##### # .# ###'#...# # .#
##########.#.#.# #
.#########........#.#.#.# #
...............w@..>#.#.#########
.###.#####........###.#..........
.# #.# #........# #.###########
.###'#####........# #.#
.........#.....)..# #.#
.........#........# #.#
...[.........(<...# #.###########
..............)...# #..........[.
.(......w.8...##### #############


You could see a worm.

Vanquished Creatures
  An adder (D:2)
  2 worms (D:2)
  3 dart slugs
  A giant gecko (D:1)
  5 giant cockroaches
  6 goblins
  8 hobgoblins
  4 jackals
  A quokka (D:3)
  14 bats
  8 giant newts
  14 kobolds
  8 rats
75 creatures vanquished.

Notes
Turn   | Place    | Note
--------------------------------------------------------------
     0 | D:1      | Ratgod the Demonspawn Gladiator began the quest for the Orb.
     0 | D:1      | Reached XP level 1. HP: 16/16 MP: 1/1
   467 | D:1      | Gained mutation: You are partially covered in large bone plates (AC +2, SH +2). [demonic ancestry]
   467 | D:1      | Reached XP level 2. HP: 21/23 MP: 2/2
  1306 | D:1      | Reached XP level 3. HP: 24/28 MP: 3/3
  2288 | D:2      | Gained mutation: You are slightly more attuned to the shadows. [demonic ancestry]
  2288 | D:2      | Reached XP level 4. HP: 35/35 MP: 4/4
  2554 | D:3      | Found a faded altar to an unknown god.
  2579 | D:3      | Became a worshipper of Gozag Ym Sagoz the Greedy
  2627 | D:3      | Found a snail-covered altar of Cheibriados.
  2656 | D:3      | Reached skill level 1 in Stealth
  3355 | D:3      | Slain by a worm

Skill      XL: |  1  2  3  4 |
---------------+-------------+-----
Polearms       | 3 |  3.9
Fighting       | 3 |  3.1
Stealth        | 1 |  1.5
Throwing       | |  1.7
Dodging        | |  2.6

Action                   |  1- 3 |  4- 6 || total
-------------------------+-------+-------++-------
Melee: Trident           |   171 |     9 ||   180
       Dagger            |       |   144 ||   144
Throw: Throwing net      |     3 |       ||     3
 Stab: Sleeping          |     1 |     4 ||     5
       Distracted        |       |     2 ||     2
  Eat: Chunk             |     5 |     1 ||     6
       Bread ration      |       |     1 ||     1
Armor: Leather armour    |    44 |       ||    44
       Skin              |       |    43 ||    43
Dodge: Dodged            |    91 |   107 ||   198
Block: Other             |     4 |    10 ||    14
